 Dungeon Crawl Stone Soup version 0.28.0-53-g5a82cb258f (webtiles) character file.

Game seed: 655664944193355702

16 Peloso the Skirmisher (level 2, 0/25 HPs)
             Began as a Djinni Fighter on May 27, 2022.
             Slain by a goblin
             ... wielding a +0 dagger
              (1 damage)
             ... on level 1 of the Dungeon.
             The game lasted 00:01:28 (345 turns).

Peloso the Skirmisher (Djinni Fighter)               Turns: 345, Time: 00:01:29

Health: 0/25       AC:  6    Str: 15    XL:     2   Next: 70%
Gold:   28         EV:  8    Int:  9    God:
                   SH:  4    Dex: 12

rFire   + + .      SeeInvis .   a - +0 long sword
rCold   x . .      Faith    .   c - +0 buckler
rNeg    . . .      Spirit   .   b - +0 scale mail
rPois   ∞          Reflect  .   (no helmet)
rElec   .          Harm     .   (no cloak)
rCorr   .          Rampage  .   (no gloves)
Will    .....                   (boots unavailable)
Stlth   ..........              (no amulet)
HPRegen 0.08/turn               (no ring)
MPRegen 0.00/turn               (no ring)

@: flying
A: sickness immunity, fire resistance 2, cold vulnerability 1, float, innate
caster, HP casting, extra vitality 1
a: no special abilities


You were on level 1 of the Dungeon.
You visited 1 branch of the dungeon, and saw 1 of its levels.

You collected 28 gold pieces.

Inventory:

Hand Weapons
 a - a +0 long sword (weapon)
Armour
 b - a +0 scale mail (worn)
 c - a +0 buckler (worn)
Scrolls
 e - a scroll of enchant armour {unknown}
 f - a scroll of immolation {unknown}
 g - a scroll of teleportation {unknown}
Potions
 d - a potion of might
 h - a potion of attraction {unknown}


   Skills:
 + Level 3.3 Fighting
 + Level 2.0 Long Blades
 + Level 3.2 Armour
 + Level 3.2 Shields


You had one spell level left.
You didn't know any spells.
Your spell library was empty.

Dungeon Overview and Level Annotations

Branches:
Dungeon (1/15)

Altars:


Innate Abilities, Weirdness & Mutations

You are immune to sickness and miasma.
You are immune to poison.
Your flesh is very heat resistant. (rF++)
You are vulnerable to cold. (rC-)
You float through the air rather than walking.
You learn spells naturally, not from books.
Your magical power is your life essence.
You have superior vitality. (+4 MHP)


Message History

The kobold barely misses you.
You closely miss the kobold.
The kobold is severely wounded.
The kobold barely misses you. The kobold hits you with a +0 dagger.
You closely miss the kobold.
The kobold is severely wounded.
The kobold hits you but does no damage. The goblin barely misses you.
You barely miss the kobold.
The kobold is severely wounded.
The kobold barely misses you. The goblin hits you with a +0 dagger.
You closely miss the kobold.
The kobold is severely wounded.
The kobold hits you but does no damage. The goblin closely misses you.
You block the kobold's attack.
You hit the kobold but do no damage.
The kobold is severely wounded.
The goblin hits you but does no damage.
A kobold comes into view.
It is wielding a +2 short sword of venom.
The kobold barely misses you. The goblin barely misses you.
You closely miss the kobold.
The kobold is severely wounded.
You block the kobold's attack. The goblin hits you but does no damage.
You barely miss the kobold.
The kobold is severely wounded.
The kobold closely misses you. The goblin completely misses you.
You block the kobold's attack. The goblin hits you but does no damage.
You hit the kobold.
You kill the kobold!
The goblin hits you but does no damage.
You completely miss the goblin. The goblin hits you but does no damage.
You block the goblin's attack. The goblin barely misses you.
You barely miss the goblin. The goblin hits you with a +0 dagger.
* * * LOW HITPOINT WARNING * * *
The goblin hits you with a +0 club.
* * * LOW HITPOINT WARNING * * *
The goblin hits you but does no damage.
You closely miss the goblin. The goblin hits you with a +0 club.
* * * LOW HITPOINT WARNING * * *
The goblin hits you with a +0 dagger.
You die...

#.###
.....#################
#....>................##
#........####.....###...
#......#.#........# ##..
#..........##.....# #..
#.... #...........####..
#.....#....#.#####......
#.....@g......# #......
...##.#g#......# #....(.
#..K.......# #......
#.#.#.########..:...
#.#.#.# ........ # ..#.#
.....### ...... ........
......# .....### ...


You could see 2 goblins and a kobold.

Vanquished Creatures
  A dart slug (D:1)
  2 ball pythons (D:1)
  3 bats (D:1)
  An endoplasm (D:1)
  A goblin (D:1)
  A quokka (D:1)
  3 kobolds (D:1)
12 creatures vanquished.

Notes
Turn   | Place    | Note
-------+----------+-------------------------------------------
     0 | D:1      | Peloso the Djinni Fighter began the quest for the Orb.
     0 | D:1      | Reached XP level 1. HP: 20/20 MP: 0/0
   105 | D:1      | Reached XP level 2. HP: 24/25 MP: 0/0
   345 | D:1      | HP: 1/25 [goblin/+0 club (4)]
   345 | D:1      | Slain by a goblin

Illustrated notes

Levels and vault maps discovered:
D:1:      dpeg_arrival_ratfight, layout_basic

Skill      XL: |  1  2 |
---------------+-------+-----
Long Blades    | 2 |  2.0
Fighting       | |  3.3
Armour         | |  3.2
Shields        | |  3.2

Action                   || total
-------------------------++-------
Melee: Long sword        ||    57
Armor: Scale mail        ||    34
Dodge: Dodged            ||    36
Block: Buckler           ||    12
